 Dungeon Crawl Stone Soup version 0.28-a0-410-gbef64dd269 (webtiles) character file.

Game seed: 6291394281777015889

91 avis the Insei (level 4, 0/33 HPs)
             Began as a Djinni Warper on Sept 7, 2021.
             Slain by a water moccasin (3 damage)
             ... on level 6 of the Dungeon.
             The game lasted 00:20:49 (3810 turns).

avis the Insei (Djinni Warper)                      Turns: 3810, Time: 00:20:49

Health: 0/33       AC:  4    Str: 10    XL:     4   Next: 88%
Gold:   120        EV: 11    Int: 15    God:
                   SH:  0    Dex: 13

rFire   + + .      SeeInvis .     - Unarmed
rCold   x . .      Faith    .   (no shield)
rNeg    . . .      Spirit   .   a - +0 leather armour
rPois   ∞          Reflect  .   (no helmet)
rElec   .          Harm     .   (no cloak)
rCorr   .          Rampage  .   k - +0 pair of gloves
Will    .....                   (boots unavailable)
Stlth   +.........              (no amulet)
HPRegen 0.11/turn               (no ring)
MPRegen 0.00/turn               (no ring)

@: flying
A: sickness immunity, fire resistance 2, cold vulnerability 1, float, innate
caster, hp casting, extra vitality 1
a: no special abilities


You were on level 6 of the Dungeon.
You visited 1 branch of the dungeon, and saw 4 of its levels.

You collected 153 gold pieces.
You spent 33 gold pieces at shops.

Inventory:

Hand Weapons
 o - a +3 vorpal spear
Missiles
 c - 5 boomerangs of dispersal (quivered)
 l - 104 stones
 m - 30 arrows
 p - 30 bolts
Armour
 a - a +0 leather armour (worn)
 i - a +2 buckler
 k - a +0 pair of gloves (worn)
Scrolls
 b - a scroll of blinking
 d - 4 scrolls of identify {unknown}
 e - a scroll of fog {unknown}
 g - 2 scrolls of amnesia {unknown}
 h - a scroll of teleportation {unknown}
 q - a scroll of enchant armour {unknown}
Potions
 f - a potion of cancellation {unknown}
 j - a potion of invisibility
 n - a potion of might {unknown}


   Skills:
 - Level 2.0 Fighting
 - Level 0.7 Throwing
 - Level 1.0 Armour
 - Level 2.1 Dodging
 + Level 4.1 Unarmed Combat
 - Level 3.0 Spellcasting


You couldn't memorise any spells.
You knew the following spells:

 Your Spells              Type           Power      Damage    Failure   Level
a - Blink                 Tloc           N/A        N/A       12%         2
b - Lesser Beckoning      Tloc           11%        N/A       24%         3
c - Gell's Gravitas       Tloc           5%         N/A       24%         3
d - Teleport Other        Tloc           11%        N/A       24%         3
e - Manifold Assault      Tloc           11%        N/A       91%         5
f - Sandblast             Erth           22%        2d7       8%          1
Your spell library was empty.

Dungeon Overview and Level Annotations

Branches:
Dungeon (3/15)

Altars:

Shops:
D:1 **


Innate Abilities, Weirdness & Mutations

You are immune to sickness and miasma.
You are immune to poison.
Your flesh is very heat resistant. (rF++)
You are vulnerable to cold. (rC-)
You float through the air rather than walking.
You learn spells naturally, not from books.
Your magical power is your life essence.
You have superior vitality. (+4 HP)


Message History

You hit the water moccasin.
The water moccasin is moderately wounded.
The water moccasin bites you. x2
You hit the water moccasin.
The water moccasin is moderately wounded.
The water moccasin closely misses you.
You hit the water moccasin.
The water moccasin is heavily wounded.
The water moccasin completely misses you.
You barely miss the water moccasin.
The water moccasin is heavily wounded.
The water moccasin bites you but does no damage.
You hit the water moccasin but do no damage.
The water moccasin is heavily wounded.
The water moccasin bites you. The water moccasin bites you!
You closely miss the water moccasin.
The water moccasin is heavily wounded.
The water moccasin barely misses you.
You barely miss the water moccasin.
The water moccasin is heavily wounded.
The water moccasin closely misses you.
You closely miss the water moccasin.
The water moccasin is heavily wounded.
The water moccasin bites you.
You barely miss the water moccasin.
The water moccasin is heavily wounded.
The water moccasin bites you but does no damage.
The water moccasin misses you.
You closely miss the water moccasin.
The water moccasin is heavily wounded.
The water moccasin bites you.
* * * LOW HITPOINT WARNING * * *
You hit the water moccasin.
The water moccasin is heavily wounded.
The water moccasin bites you.
* * * LOW HITPOINT WARNING * * *
You hit the water moccasin.
The water moccasin is severely wounded.
The water moccasin bites you.
You die...

#.# #+# #.# #.# #.#
#.# ### #.# ##
##.###.########.#
...##...#...........#
#.......#.##########
#..#...##.# ##@....#
......S..####
###..##..# .... ...#
### ##.## #.# #.# #.#


You could see a water moccasin.

Vanquished Creatures
  An orc wizard (D:3)
  An adder (D:3)
  2 dart slugs
  3 orcs
  2 ball pythons (D:3)
  2 bats
  8 endoplasms
  4 giant cockroaches
  2 goblins
  3 hobgoblins
  2 quokkas (D:1)
  6 frilled lizards
  7 kobolds
  5 rats
48 creatures vanquished.

Notes
Turn   | Place    | Note
-------+----------+-------------------------------------------
     0 | D:1      | avis the Djinni Warper began the quest for the Orb.
     0 | D:1      | Reached XP level 1. HP: 18/18 MP: 0/0
    30 | D:1      | Found Ceukul's Jewellery Boutique.
    64 | D:1      | Found a faded altar of an unknown god.
   577 | D:1      | Reached XP level 2. HP: 21/23 MP: 0/0
   755 | D:1      | Found Gauc Qapp's Assorted Antiques.
   846 | D:1      | Reached skill level 3 in Unarmed Combat
  1024 | D:1      | Found Umodian's General Store.
  1037 | D:1      | Bought a potion of curing for 33 gold pieces
  1195 | D:2      | Reached XP level 3. HP: 27/28 MP: 0/0
  1195 | D:2      | Learned a level 1 spell: Sandblast
  2502 | D:3      | Reached skill level 4 in Unarmed Combat
  2502 | D:3      | Reached XP level 4. HP: 29/33 MP: 0/0
  3755 | D:3      | You are sucked into a shaft and drop 3 floors!
  3791 | D:6      | Noticed a water moccasin
  3810 | D:6      | Slain by a water moccasin

Illustrated notes

Levels and vault maps discovered:
D:1:      scummos_arrival_gate, layout_rooms, serial_shops,
          nicolae_shop_waterfront, shop, shop, basic_ecumenical_altar,
          feat_on_display
D:2:      layout_loops_corners
D:3:      layout_loops_corners, hangedman_abyss_or_decor_stabs,
          hangedman_glass_teeth, minmay_misc_feat_tiny, minivault_23
D:6:      layout_loops_corners, minmay_temple_entry_overgrown,
          uniq_blork_the_orc

Skill      XL: |  1  2  3  4 |
---------------+-------------+-----
Unarmed Combat | 3 4 |  4.1
Spellcasting   | 3 |  3.0
Fighting       | |  2.0
Throwing       | |  0.7
Armour         | |  1.0
Dodging        | |  2.1

Action                   |  1- 3 |  4- 6 || total
-------------------------+-------+-------++-------
Melee: Unarmed           |   146 |   110 ||   256
       Punch             |     1 |       ||     1
  Use: Potion            |       |     3 ||     3
 Stab: Invisible         |       |     1 ||     1
Armor: Leather armour    |    31 |    24 ||    55
Dodge: Dodged            |    79 |    25 ||   104

Table legend: (Time is in decaauts)
 A = Elapsed time spent in this place.
 B = Non-inter-level travel time spent in this place.
 C = Inter-level travel time spent in this place.
 D = Time resting spent in this place.
 E = Time spent auto-exploring this place.
 F = Levels seen in this place.
 G = Mean time per level.
                   A        B        C        D        E       F      G
               +--------+--------+--------+--------+--------+-----+--------+
         Total |   3803 |   3595 |    208 |   1235 |   1467 |   4 |  950.8 |
       Dungeon |   3803 |   3595 |    208 |   1235 |   1467 |   4 |  950.8 |
               +--------+--------+--------+--------+--------+-----+--------+

Top non-repeatable levels by time:
     D:2: 1501 daAuts
     D:1: 1181 daAuts
     D:3: 1067 daAuts
     D:6: 53 daAuts
